 Dungeon Crawl Stone Soup version 0.26-a0-682-g294304f6e8 (console) character file.

Game seed: 7547162969299110329

42 om the Insei (level 3, 0/23 HPs)
             Began as an Octopode Transmuter on Oct 20, 2020.
             Slain by a bullfrog (8 damage)
             ... on level 2 of the Dungeon.
             The game lasted 00:02:20 (1014 turns).

om the Insei (Octopode Transmuter)                  Turns: 1014, Time: 00:02:21

Health: 0/23       AC:  1    Str: 10    XL:     3   Next: 56%
Magic:  6/6        EV: 13    Int: 15    God:
Gold:   31         SH:  0    Dex: 12    Spells: 5/6 levels left

rFire    . . .     SeeInvis .     - Unarmed
rCold    . . .     Faith    .   (no shield)
rNeg     . . .     Spirit   .   (helmet restricted)
rPois    .         Reflect  .   (no amulet)
rElec    .         Harm     .   (no ring)
rCorr    .         Rampage  .   (no ring)
MR       .....                  (no ring)
Stlth    ++........             (no ring)
HPRegen  0.07/turn              (no ring)
MPRegen  0.10/turn              (no ring)
                                (no ring)
                                (no ring)

@: no status effects
A: almost no armour, stealthy swim, amphibious, 8 rings, constrict 8, camouflage
1, gelatinous body 1
a: no special abilities


You were on level 2 of the Dungeon.
You visited 1 branch of the dungeon, and saw 2 of its levels.

You collected 31 gold pieces.

Inventory:

Scrolls
 d - a scroll of teleportation {unknown}
 e - a scroll of enchant weapon {unknown}
Potions
 a - 2 potions of curing {unknown}
 b - 2 potions of brilliance {unknown}
 c - a potion of degeneration {unknown}
 f - a potion of heal wounds {unknown}


   Skills:
 + Level 1.1 Fighting
 + Level 2.1 Dodging
 + Level 3.7 Unarmed Combat
 + Level 2.4 Spellcasting
 * Level 2.4 Transmutations


You had 5 spell levels left.
You knew the following spells:

 Your Spells              Type           Power        Failure   Level
a - Beastly Appendage     Tmut           #.....       8%          1

Your spell library contained the following spells:

 Spells                   Type           Power        Failure   Level
 Wereblood                Tmut           #.......     12%         2
 Spider Form              Tmut/Pois      #.........   36%         3
 Ice Form                 Ice/Tmut       #.......     78%         4
 Blade Hands              Tmut           #.........   91%         5


Dungeon Overview and Level Annotations

Branches:
Dungeon (2/15)

Altars:


Innate Abilities, Weirdness & Mutations

You cannot wear most types of armour.
You are very stealthy in the water. (Stealth+)
You are amphibious.
You can wear up to eight rings at the same time.
You can use your tentacles to constrict eight enemies at once.
Your skin changes colour to match your surroundings (Stealth+).
Your rubbery body absorbs attacks. (AC +1, EV +1)


Message History

The adder is severely wounded.
The adder completely misses you. The adder bites you.
You tentacle-slap the adder.
You kill the adder!
No target in view!
The bullfrog croaks.
You see here an adder corpse.
Your tentacle spike disappears.
A rat comes into view.
The bullfrog closely misses you. The bullfrog closely misses you.
You see here a bat corpse.
The bullfrog barely misses you. The bullfrog hits you.
The bullfrog releases a deep croak.
The bullfrog completely misses you.
There is a stone staircase leading up here.
Okay, then.
The bullfrog hits you!
You die...

#+# #.# #.# . ####.#
.... +....#######
.....#..........#
.......@F.......#
....#...........# .#
#......†....#
#.......†...# .
#...........# ..
#...........#####.#
...#+#######..†....#
#.## #.####### #.
...# ...... ........


You could see a bullfrog.

Vanquished Creatures
  An adder (D:2)
  A dart slug (D:1)
  A leopard gecko (D:1)
  7 bats
  2 giant cockroaches
  8 goblins (D:1)
  A hobgoblin (D:1)
  2 kobolds (D:1)
  A frilled lizard (D:1)
  3 rats (D:1)
27 creatures vanquished.

Notes
Turn   | Place    | Note
-------+----------+-------------------------------------------
     0 | D:1      | om the Octopode Transmuter began the quest for the Orb.
     0 | D:1      | Reached XP level 1. HP: 13/13 MP: 3/3
   136 | D:1      | Reached XP level 2. HP: 17/18 MP: 5/5
   421 | D:1      | Reached XP level 3. HP: 20/23 MP: 6/6
   987 | D:2      | Noticed a bullfrog
  1014 | D:2      | Slain by a bullfrog

Illustrated notes

Levels and vault maps discovered:
D:1:      dpeg_arrival_subterranean_lakeside_camping, layout_rooms,
          serial_curves, eino_curves_04, eino_curves_02
D:2:      layout_basic

Action                   || total
-------------------------++-------
Melee: Unarmed           ||    60
       Constrict         ||    15
       Tentacles         ||     6
       Kick              ||     8
       Punch             ||     1
 Cast: Beastly Appendage ||    10
 Stab: Sleeping          ||     7
Armor: Skin              ||    15
Dodge: Dodged            ||    56

Table legend: (Time is in decaauts)
 A = Elapsed time spent in this place.
 B = Non-inter-level travel time spent in this place.
 C = Inter-level travel time spent in this place.
 D = Time resting spent in this place.
 E = Time spent auto-exploring this place.
 F = Levels seen in this place.
 G = Mean time per level.
                   A        B        C        D        E       F      G
               +--------+--------+--------+--------+--------+-----+--------+
         Total |   1009 |   1003 |      6 |    251 |    545 |   2 |  504.5 |
       Dungeon |   1009 |   1003 |      6 |    251 |    545 |   2 |  504.5 |
               +--------+--------+--------+--------+--------+-----+--------+

Top non-repeatable levels by time:
     D:1: 930 daAuts
     D:2: 79 daAuts
